 Dungeon Crawl Stone Soup version 0.27.0-1-g7a089689b8 (webtiles) character file.

Game seed: 10714634188601323979

2 mainiacjoe the Ruffian (level 1, 0/19 HPs)
             Began as a Ghoul Berserker on Aug 17, 2021.
             Was a Follower of Trog.
             Slain by a bat (1 damage)
             ... on level 1 of the Dungeon.
             The game lasted 00:00:29 (99 turns).

mainiacjoe the Ruffian (Ghoul Berserker)              Turns: 99, Time: 00:00:30

Health: 0/19       AC:  2    Str: 19    XL:     1   Next: 40%
Magic:  0/0        EV: 11    Int:  3    God:    Trog [*.....]
Gold:   9          SH:  0    Dex:  8    Spells: 0/0 levels left

rFire    . . .     SeeInvis .     - Unarmed
rCold    + . .     Faith    .   (no shield)
rNeg     + + +     Spirit   .   a - +0 animal skin
rPois    ∞         Reflect  .   (no helmet)
rElec    .         Harm     .   (no cloak)
rCorr    .         Rampage  .   (no gloves)
Will     .....                  (no boots)
Stlth    +.........             (no amulet)
HPRegen  0.00/turn              (no ring)
MPRegen  0.07/turn              (no ring)

@: inhibited regen
A: claws 1, cold resistance 1, negative energy resistance 3, inhibited
regeneration, torment resistance 2
a: Renounce Religion


You were on level 1 of the Dungeon.
You worshipped Trog.
Trog was aware of your devotion.
You visited 1 branch of the dungeon, and saw 1 of its levels.

You collected 9 gold pieces.

Inventory:

Armour
 a - a +0 animal skin (worn)


   Skills:
 + Level 3.3 Fighting
 - Level 1.7 Armour
 - Level 1.7 Dodging
 * Level 3.4 Unarmed Combat


You couldn't memorise any spells.
You didn't know any spells.
Your spell library was empty.

Dungeon Overview and Level Annotations

Branches:
Dungeon (1/15)

Altars:


Innate Abilities, Weirdness & Mutations

You thrive by killing the living.
You are immune to poison.
You have sharp fingernails.
Your flesh is cold resistant. (rC+)
You are immune to negative energy. (rN+++)
You do not regenerate when monsters are visible.
You are immune to unholy pain and torment.


Message History

A hobgoblin comes into view.
Found 26 stones.
The bat closely misses you. x2
You miss the bat. The bat closely misses you.
You are too injured to fight recklessly!
You are too injured to fight recklessly!
You are too injured to fight recklessly!
You are too injured to fight recklessly!
Unknown command.
The bat hits you but does no damage. The bat hits you but does no damage.
The bat barely misses you. The hobgoblin hits you.
You are too injured to fight recklessly!
You are too injured to fight recklessly!
You are too injured to fight recklessly!
You are too injured to fight recklessly!
Unknown command.
You closely miss the hobgoblin. The bat barely misses you.
The bat closely misses you. The hobgoblin hits you. x2
* * * LOW HITPOINT WARNING * * *
You barely miss the hobgoblin. The bat closely misses you. The bat hits you.
* * * LOW HITPOINT WARNING * * *
The hobgoblin misses you. The hobgoblin hits you.
* * * LOW HITPOINT WARNING * * *
Unknown command.
You scratch the hobgoblin.
The hobgoblin is lightly wounded.
The bat misses you. The hobgoblin closely misses you.
The hobgoblin barely misses you.
Unknown command.
Unknown command.
You barely miss the hobgoblin. The bat closely misses you. x2
The hobgoblin closely misses you.
Unknown command.
The bat barely misses you. The hobgoblin barely misses you.
The bat closely misses you. The bat barely misses you.
The hobgoblin barely misses you. The bat closely misses you. The bat hits you.
You die...

.. ... .# #.
#.# .#
#..##.##.###.#.
#........!.....
##.##.#..#####
#.##.#..#
#$...†gg#
####†#b#######
#.#.@.....#
#.#######.#
#...## #.#..#
### ####.# ##.#
##.# ##..#
##..# ##...#
##...# #....#
##....#


You could see a hobgoblin and a bat.

Vanquished Creatures
  A quokka (D:1)
  A frilled lizard (D:1)
  A rat (D:1)
3 creatures vanquished.

Notes
Turn   | Place    | Note
-------+----------+-------------------------------------------
     0 | D:1      | mainiacjoe the Ghoul Berserker began the quest for the Orb.
     0 | D:1      | Reached XP level 1. HP: 19/19 MP: 0/0
    99 | D:1      | Slain by a bat

Illustrated notes

Levels and vault maps discovered:
D:1:      dpeg_arrival_triangle_fractal, layout_loops_ring,
          minmay_rat_gold_closets

Action                   || total
-------------------------++-------
Melee: Unarmed           ||    17
Armor: Animal skin       ||     5
Dodge: Dodged            ||    34
